 Dungeon Crawl Stone Soup version 0.30-a0-739-gea05faddec (webtiles) character file.

Game seed: 1674903976135029132

6437 holysushi the Nimble (level 10, -3/63 HPs)
             Began as an Octopode Conjurer on Feb 4, 2023.
             Was an Initiate of Gozag.
             Killed from afar by an electric eel (14 damage)
             ... with a bolt of electricity
             ... on level 9 of the Dungeon.
             The game lasted 00:19:08 (15522 turns).

holysushi the Nimble (Octopode Conjurer)           Turns: 15522, Time: 00:19:08

Health: -3/63      AC:  1    Str:  6    XL:     10   Next: 99%
Magic:  17/23      EV: 16    Int: 31    God:    Gozag
Gold:   885        SH:  5    Dex: 11    Spells: 19/28 levels left

rFire   . . .      SeeInvis +    n - staff of earth
rCold   . . .      Faith    .    (no shield)
rNeg    . . .      Spirit   .    (helmet restricted)
rPois   .          Reflect  +    u - amulet of reflection
rElec   .          Harm     .    c - +6 ring of intelligence
rCorr   .          Rampage  .    v - ring of see invisible
Will    .....                    (no ring)
Stlth   ++++                     (no ring)
HPRegen 0.30/turn                (no ring)
MPRegen 0.18/turn                (no ring)
                                 (no ring)
                                 (no ring)

@: no status effects
A: almost no armour, amphibious, 8 rings, camouflage 1, gelatinous body 1,
(nimble swimmer 1), tentacles
a: Renounce Religion, Potion Petition, Call Merchant, Bribe Branch


You were on level 9 of the Dungeon.
You worshipped Gozag.
Gozag was pleased with you.
You visited 1 branch of the dungeon, and saw 9 of its levels.

You collected 1138 gold pieces.
You spent 203 gold pieces at shops.
You paid 50 gold pieces to Gozag.

Inventory:

Hand Weapons
 d - a +1 rapier
 z - the +8 whip "Snakebite" {venom, curare, rPois}
   (You took it off Amaemon on level 9 of the Dungeon)

   rPois:     It protects you from poison.
Magical Staves
 n - a staff of earth (weapon)
Jewellery
 c - a +6 ring of intelligence (left tentacle)
 u - an amulet of reflection (around mantle)
 v - a ring of see invisible (right tentacle)
Wands
 j - a wand of polymorph (15)
 s - a wand of paralysis (11)
 x - a wand of flame (8)
Scrolls
 b - a scroll of enchant weapon
 e - 4 scrolls of teleportation
 m - a scroll of immolation
 o - 4 scrolls of magic mapping
 p - 4 scrolls of identify
 y - a scroll of summoning
Potions
 a - a potion of magic
 f - a potion of invisibility
 g - 2 potions of curing
 h - 2 potions of degeneration
 i - 4 potions of mutation {unknown}
 k - 2 potions of attraction {unknown}
 l - a potion of resistance
 q - 2 potions of brilliance {unknown}
 r - a potion of flight {unknown}
 t - a potion of might {unknown}
 w - a potion of heal wounds


   Skills:
 - Level 4.0 Fighting
 - Level 10.0 Dodging
 - Level 6.0 Stealth
 + Level 9.8 Spellcasting
 - Level 6.8 Conjurations
 - Level 1.0 Earth Magic


You had 19 spell levels left.
You knew the following spells:

 Your Spells              Type           Power      Damage    Failure   Level
a - Magic Dart            Conj           100%       1d8       1%          1
b - Searing Ray           Conj           100%       2d8       1%          2
c - Stone Arrow           Conj/Erth      100%       3d13      1%          3
d - Dazzling Flash        Conj/Hex       72%        N/A       2%          3

Your spell library contained the following spells:

 Spells                   Type           Power      Damage    Failure   Level
 Sandblast                Erth           64%        2d14      2%          1
 Cigotuvi's Dreadful Rot  Necr/Pois/Air  30%        N/A       4%          2
 Ensorcelled Hibernation  Hex/Ice        30%        N/A       4%          2
 Passwall                 Tmut/Erth      22%        N/A       4%          2
 Fulminant Prism          Conj/Hex       18%        3d11      9%          4
 Iskenderun's Mystic Bla  Conj/Tloc      36%        2d9       9%          4
 Ozocubu's Armour         Ice            15%        N/A       10%         3
 Tukima's Dance           Hex            15%        N/A       10%         3
 Dispel Undead            Necr           15%        3d10      32%         4
 Death Channel            Necr           7%         N/A       99%         6
 Ozocubu's Refrigeration  Ice            7%         4d9       100%        7


Dungeon Overview and Level Annotations

Branches:
Dungeon (9/15) Zot: 23594  Temple (0/1) D:7            Lair (0/5) D:9
    Orc: D:9-12

Altars:
Ashenzari
Fedhas
Gozag
Hepliaklqana
Nemelex Xobeh
Qazlal
Wu Jian

Shops:
D:8 (   D:9 [?*(!?


Innate Abilities, Weirdness & Mutations

You cannot wear most types of armour.
You are amphibious.
You can wear up to eight rings at the same time.
Your skin changes colour to match your surroundings (Stealth+).
Your rubbery body absorbs attacks. (AC +1, EV +1)
((You are camouflaged when in or above water. (Stealth+)))
You have tentacles for arms and can constrict up to eight enemies at once.


Message History

There are monsters nearby!
Casting: Stone Arrow (safe; 1% risk of failure)
Confirm with . or Enter, or press ? or * to list all spells.
Aiming: Stone Arrow (safe; 1% risk of failure)
Press: ? - help, Shift-Dir - straight line, f - electric eel
Aim: an electric eel (63% to hit)
You feel a surge of power!
The stone arrow hits the electric eel.
The electric eel is moderately wounded.
The electric eel shoots out a bolt of lightning at you!
The bolt of electricity hits the electric eel.
The electric eel completely resists.
The bolt of electricity hits you!
Casting: Stone Arrow (safe; 1% risk of failure)
Confirm with . or Enter, or press ? or * to list all spells.
Aiming: Stone Arrow (safe; 1% risk of failure)
Press: ? - help, Shift-Dir - straight line, f/p - electric eel
Aim: an electric eel (water, moderately wounded, 63% to hit)
You feel a surge of power!
The stone arrow misses the electric eel.
The electric eel shoots out a bolt of lightning at you!
The bolt of electricity hits you!
The electric eel shoots out a bolt of lightning at you!
The bolt of electricity hits the electric eel.
The electric eel completely resists.
The bolt of electricity hits you!
Casting: Stone Arrow (safe; 1% risk of failure)
Confirm with . or Enter, or press ? or * to list all spells.
Aiming: Stone Arrow (safe; 1% risk of failure)
Press: ? - help, Shift-Dir - straight line, f/p - electric eel
Aim: an electric eel (water, moderately wounded, 63% to hit)
Okay, then.
The electric eel shoots out a bolt of lightning at you!
The bolt of electricity misses you.
The electric eel shoots out a bolt of lightning at you!
The bolt of electricity hits you!
The electric eel shoots out a bolt of lightning at you!
The bolt of electricity hits you!
* * * LOW HITPOINT WARNING * * *
The electric eel shoots out a bolt of lightning at you!
The bolt of electricity hits you!
You die...
Your body crumbles into a pile of gold.

#........#..........#
#..##.......#.......#
#######..###.....###.#...##
..>......#.........####.##
.............###....#####
...........## #......#
............####....##
##.................### #
.........#..#@###.#### .#
............####......#.##..##
.............##...............
........S....).[.......##....#
.~...≈.~~......~.....$## ##.
..~..~~~≈≈~..~~~....#.# ..
≈~≈~~~~~~~~≈S≈....... ..
~≈~~..~~≈S≈S~~~.!......
≈≈..~...~≈≈≈.....#.......


You could see 3 electric eels.

Vanquished Creatures
  Amaemon (D:9)
  Pikel (D:9)
  An orange demon (D:9)
  Psyche (D:9)
  A troll (D:9)
  A hornet (D:9)
  A wyvern (D:8)
  Eustachio (D:6)
  A wraith (D:9)
  6 yaks
  An ice beast (D:7)
  2 orc warriors
  A centaur (D:6)
  4 wolves (D:9)
  An ogre (D:7)
  2 kobold brigands
  2 phantoms
  A lemure (D:9)
  4 bullfrogs
  2 necrophages
  2 scorpions
  3 wights (D:8)
  4 killer bees (D:7)
  6 howler monkeys
  An electric eel (D:9)
  3 jellies
  8 hounds
  7 orc priests
  Jessica (D:3)
  Ijyb (D:5)
  2 iguanas (D:5)
  4 orc wizards
  7 gnolls
  8 adders
  3 shadow imps (D:4)
  2 ufetubi
  2 worms (D:2)
  A dart slug (D:3)
  25 orcs
  7 endoplasms
  2 giant cockroaches
  5 hobgoblins
  6 jackals
  6 quokkas
  5 ball pythons
  4 bats
  2 frilled lizards
  8 goblins
  11 kobolds
  5 rats
186 creatures vanquished.

Vanquished Creatures (others)
  A plant (D:8)
1 creature vanquished.

Grand Total: 187 creatures vanquished

Notes
Turn   | Place    | Note
-------+----------+-------------------------------------------
     0 | D:1      | holysushi the Octopode Conjurer began the quest for the
                  | Orb.
     0 | D:1      | Reached XP level 1. HP: 11/11 MP: 3/3
    17 | D:1      | Found a faded altar of an unknown god.
   190 | D:1      | Reached XP level 2. HP: 7/17 MP: 0/5
  1038 | D:2      | Reached XP level 3. HP: 14/21 MP: 2/7
  1087 | D:2      | Learned a level 2 spell: Searing Ray
  1091 | D:2      | Learned a level 3 spell: Dazzling Flash
  1554 | D:2      | Reached XP level 4. HP: 27/27 MP: 6/10
  1986 | D:2      | Reached XP level 5. HP: 22/31 MP: 1/11
  2316 | D:3      | Reached skill level 5 in Conjurations
  2381 | D:3      | Learned a level 3 spell: Stone Arrow
  2652 | D:3      | Noticed Jessica
  2665 | D:3      | Killed Jessica
  3137 | D:3      | Reached XP level 6. HP: 36/36 MP: 2/12
  3363 | D:3      | Reached skill level 1 in Earth Magic
  3650 | D:4      | Found an ornate altar of the Wu Jian Council.
  4125 | D:4      | Found an opulent altar of Gozag.
  4131 | D:4      | Found a stormy altar of Qazlal.
  4132 | D:4      | Found a broken altar of Ashenzari.
  4138 | D:4      | Became a worshipper of Gozag Ym Sagoz the Greedy
  4284 | D:4      | Found a sparkling altar of Nemelex Xobeh.
  4434 | D:4      | Found a transporter.
  4441 | D:4      | Found a transporter.
  4870 | D:5      | Entered Level 5 of the Dungeon
  5220 | D:5      | Reached XP level 7. HP: 24/41 MP: 0/13
  5576 | D:5      | Reached skill level 5 in Spellcasting
  5825 | D:5      | Noticed Ijyb
  5833 | D:5      | Killed Ijyb
  6360 | D:6      | Found a blossoming altar of Fedhas.
  6380 | D:6      | Reached XP level 8. HP: 46/46 MP: 13/17
  6468 | D:6      | Noticed Eustachio
  8095 | D:6      | Found a blossoming altar of Fedhas.
  8244 | D:6      | Killed Eustachio
  9206 | D:7      | Found a staircase to the Ecumenical Temple.
  9523 | D:7      | Got the Parchment of Execration
  9537 | D:7      | Found a hazy altar of Hepliaklqana.
 10146 | D:7      | Reached XP level 9. HP: 50/51 MP: 10/21
 10548 | D:7      | Reached skill level 5 in Stealth
 10892 | D:8      | Reached skill level 3 in Dodging
 11079 | D:8      | Reached skill level 4 in Dodging
 11094 | D:8      | Reached skill level 5 in Dodging
 11253 | D:8      | Reached skill level 6 in Dodging
 11525 | D:8      | Reached skill level 7 in Dodging
 11553 | D:8      | Reached XP level 10. HP: 56/56 MP: 12/23
 11861 | D:8      | Found Qecehi's Hydra Hut.
 11907 | D:8      | Noticed a five-headed hydra
 12174 | D:9      | Noticed an orange demon
 12179 | D:9      | Noticed Psyche
 12180 | D:9      | Killed an orange demon
 12180 | D:9      | Noticed Amaemon
 12181 | D:9      | Reached skill level 8 in Dodging
 12419 | D:9      | Killed Psyche
 13012 | D:9      | Found Neruergh's Antique Armour Shoppe.
 13015 | D:9      | Found Diek's Magic Scroll Emporium.
 13016 | D:9      | Found Yschadil's Antique Weapon Boutique.
 13016 | D:9      | Found Quuf Mov's Distillery.
 13016 | D:9      | Found Xekauf's Magic Scroll Boutique.
 13016 | D:9      | Found Bemyl's Assorted Antiques.
 13055 | D:9      | Bought a bone wand for 108 gold pieces
 13057 | D:9      | Bought a scroll of summoning for 95 gold pieces
 13107 | D:9      | Reached skill level 9 in Dodging
 13996 | D:9      | Found a staircase to the Lair.
 14090 | D:9      | Killed Amaemon
 14091 | D:9      | Reached skill level 10 in Dodging
 14371 | D:9      | Noticed Pikel
 15442 | D:9      | Killed Pikel
 15522 | D:9      | Killed from afar by an electric eel

Illustrated notes

Levels and vault maps discovered:
D:1:      mrwooster_arrival_statue_3, layout_loops_ring, basic_ecumenical_altar,
          serial_bayou_pond_e
D:2:      layout_basic, chequers_garden, minmay_misc_feat_ornament,
          chequers_serial_rivers_small_3, kennysheep_big_empty_room
D:3:      minmay_angry_zag, layout_rooms, nicolae_hexahallways,
          chequers_arboretum, uniq_jessica
D:4:      gammafunk_wand_slinger, layout_basic, nicolae_wu_jian_wuxing_cycle,
          mainiacjoe_overflow_brackets, minitemple, minmay_misc_feat_columns,
          hangedman_abyss_or_decor_passed
D:5:      layout_cave_pools, dreamdust_princess_bridge, uniq_ijyb
D:6:      layout_layer_cave, fedhas_altar_2, uniq_eustachio
D:7:      layout_loops_corners, mainiacjoe_overflow_small_starburst,
          minmay_temple_entry_arrows, david_defended_altar_orc
D:8:      layout_rooms, doesnt_shop_hydraphobe
D:9:      layout_cave_pools, dancing_weapons_uskayaw, erik_lair_island,
          glass_columns_c, nicolae_wooded_promenade, uniq_pikel, uniq_amaemon,
          uniq_psyche

Skill      XL: |  1  2  3  4  5  6  7  8  9 10 |
---------------+-------------------------------+-----
Spellcasting   | 3 4 6 8 9 |  9.8
Conjurations   | 5 6 |  6.8
Earth Magic    | 1 |  1.0
Stealth        | 3 6 |  6.0
Dodging        | 7 10 | 10.0
Fighting       | 4 |  4.0

Action                     |  1- 3 |  4- 6 |  7- 9 | 10-12 || total
---------------------------+-------+-------+-------+-------++-------
  Melee: Unarmed           |    31 |     2 |       |       ||    33
         Tentacles         |     7 |     1 |     4 |     1 ||    13
         Constrict         |     4 |     1 |     4 |     2 ||    11
         Staff             |       |     5 |    18 |     4 ||    27
         Punch             |       |       |     1 |       ||     1
   Cast: Magic Dart        |    34 |    29 |       |     6 ||    69
         Searing Ray       |     5 |    10 |       |       ||    15
         Stone Arrow       |       |    56 |   111 |    74 ||   241
         Dazzling Flash    |       |     1 |       |       ||     1
  Evoke: Wand              |       |       |     2 |       ||     2
    Use: Potion            |     1 |     1 |     1 |     1 ||     4
         Scroll            |       |    11 |     2 |     2 ||    15
   Stab: Sleeping          |       |     1 |       |       ||     1
         Paralysed         |       |       |     6 |       ||     6
 Armour: Skin              |    10 |     1 |     2 |       ||    13
  Dodge: Dodged            |    16 |    30 |    79 |    24 ||   149
  Block: Other             |       |       |       |     2 ||     2

Table legend: (Time is in decaauts)
 A = Elapsed time spent in this place.
 B = Non-inter-level travel time spent in this place.
 C = Inter-level travel time spent in this place.
 D = Time resting spent in this place.
 E = Time spent auto-exploring this place.
 F = Levels seen in this place.
 G = Mean time per level.
                   A        B        C        D        E       F      G
               +--------+--------+--------+--------+--------+-----+--------+
         Total |  15535 |  15036 |    499 |   5573 |   7320 |   9 | 1726.1 |
       Dungeon |  15535 |  15036 |    499 |   5573 |   7320 |   9 | 1726.1 |
               +--------+--------+--------+--------+--------+-----+--------+

Top non-repeatable levels by time:
     D:9: 3216 daAuts
     D:6: 2828 daAuts
     D:7: 2130 daAuts
     D:2: 1521 daAuts
     D:4: 1385 daAuts
     D:3: 1214 daAuts
     D:8: 1176 daAuts
     D:5: 1155 daAuts
     D:1: 908 daAuts
